 Dungeon Crawl Stone Soup version 0.22-a0-388-g09e6169 (webtiles) character file.

65 khargal the Shield-Bearer (level 3, -4/33 HPs)
             Began as a Demonspawn Fighter on Apr 29, 2018.
             Slain by a gnoll
             ... wielding a +0 halberd
              (6 damage)
             ... on level 1 of the Dungeon.
             The game lasted 00:02:24 (580 turns).

khargal the Shield-Bearer (Demonspawn Fighter)       Turns: 580, Time: 00:02:25

Health: -4/33      AC:  7    Str: 17    XL:     3   Next: 92%
Magic:  3/3        EV:  7    Int:  9    God:
Gold:   19         SH: 10    Dex: 12    Spells: 2/2 levels left

rFire    . . .     SeeInvis .   a - +0 trident
rCold    . . .     Gourm    .   c - +0 shield
rNeg     . . .     Faith    .   b - +0 scale mail
rPois    +         Spirit   .   (no helmet)
rElec    .         Reflect  .   (no cloak)
rCorr    .         Harm     .   (no gloves)
MR       .....                  (no boots)
Stlth    ..........             (no amulet)
HPRegen  0.11/turn              h - ring of poison resistance
MPRegen  0.08/turn              (no ring)

@: no status effects
A: powered by pain 1, rot immunity
a: no special abilities


You were on level 1 of the Dungeon.
You were not hungry.

You visited 1 branch of the dungeon, and saw 1 of its levels.

You collected 19 gold pieces.

Inventory:

Hand Weapons
 a - a +0 trident (weapon)
Armour
 b - a +0 scale mail (worn)
 c - a +0 shield (worn)
Jewellery
 h - a ring of poison resistance (left hand)
Scrolls
 e - 2 scrolls of remove curse
Potions
 d - a potion of might
Comestibles
 f - 2 rations
 g - 5 chunks of flesh


   Skills:
 + Level 5.0 Fighting
 + Level 6.2 Polearms
 + Level 4.5 Armour
 + Level 6.5 Shields


You had 2 spell levels left.
You didn't know any spells.

Dungeon Overview and Level Annotations

Branches:
Dungeon (1/15)

Altars:


Innate Abilities, Weirdness & Mutations

You sometimes gain a little power by taking damage.
You are immune to rotting.


Message History

The bat is moderately wounded.
The bat hits you but does no damage. You block the bat's attack.
The gnoll hits you but does no damage. The bat hits you but does no damage.
You block the bat's attack. The bat hits you but does no damage.
The bat hits you.
* * * LOW HITPOINT WARNING * * *
The bat hits you but does no damage. The bat hits you but does no damage.
You block the bat's attack. You block the bat's attack.
The bat hits you but does no damage. You block the bat's attack. x2
You hit the bat but do no damage. You block the bat's attack.
You block the gnoll's attack. The bat barely misses you. The bat misses you.
You hit the bat but do no damage. You block the bat's attack.
The bat closely misses you.
The gnoll hits you from afar with a halberd.
You die...

#..#≈≈#..#..#.≈≈###...#######
#..#≈....#..'.≈###.......# ##
#..≈....≈#⌠#######.......# #.
#......≈≈### ##........###.
#####.≈≈≈#######......####...
##..≈≈###......##..#####...
#..≈≈≈##..#######.....g'...
#.≈≈≈##..########..###.#...
#..≈......@bgK.g..># #÷#.##
##...#.#.########### ###K#
###..........# #.#
####..#.##.# #g#
####.##..#..#.# #†#
##....##..#..#.# +...'...
#.....##..##.#.######...#...
#............#......#...#!..
#....###.#.########.#.. #...


You could see a gnoll, a goblin, a bat and a kobold.

Vanquished Creatures
  A ball python (D:1)
  2 giant cockroaches (D:1)
  2 goblins (D:1)
  2 hobgoblins (D:1)
  3 bats (D:1)
  3 kobolds (D:1)
  2 rats (D:1)
15 creatures vanquished.

Notes
Turn   | Place    | Note
-------+----------+-------------------------------------------
     0 | D:1      | khargal the Demonspawn Fighter began the quest for the Orb.
     0 | D:1      | Reached XP level 1. HP: 18/18 MP: 1/1
   218 | D:1      | Reached skill level 5 in Polearms
   218 | D:1      | Reached skill level 5 in Shields
   218 | D:1      | Gained mutation: You are immune to rotting. [demonic ancestry]
   218 | D:1      | Reached XP level 2. HP: 24/24 MP: 2/2
   219 | D:1      | Reached skill level 5 in Fighting
   219 | D:1      | Gained mutation: You sometimes gain a little power by taking damage. [demonic ancestry]
   219 | D:1      | Reached XP level 3. HP: 33/33 MP: 3/3
   566 | D:1      | HP: 1/33 [gnoll/halberd (2)]
   571 | D:1      | HP: 1/33 [bat (1)]
   580 | D:1      | Slain by a gnoll

Vault maps used:
D:1:      denvon_arrival_waterhouse

Skill      XL: |  1  2 |
---------------+-------+-----
Polearms       | 5 6 |  6.2
Shields        | 5 6 |  6.5
Fighting       | 5 |  5.0
Armour         | 4 |  4.5

Action                   || total
-------------------------++-------
Melee: Trident           ||    70
  Use: Potion            ||     4
       Scroll            ||     1
Armor: Scale mail        ||    42
Dodge: Dodged            ||    27
Block: Shield            ||    46

Table legend:
 A = Spawn XP
 B = Non-spawn XP
 C = Spawn XP percentage of total XP
 D = Spawn monster count
 E = Non-spawn monster count
 F = Spawn count percentage of total count
 G = Total turns spent on level
                    A         B        C        D         E        F      G
               +---------+---------+-------+---------+---------+-------+---------
         Total |       0 |      24 |   0.0 |       0 |      15 |   0.0 |   580
               +---------+---------+-------+---------+---------+-------+---------
           D:1 |       0 |      24 |   0.0 |       0 |      15 |   0.0 |   580
               +---------+---------+-------+---------+---------+-------+---------
